 Dungeon Crawl Stone Soup version 0.25-a0-403-g49d089a364 (webtiles) character file.

Game seed: 16740529128171676676, levelgen mode: deterministic

259 kae the Gusty (level 5, 0/57 HPs)
             Began as a Draconian Air Elementalist on Jan 9, 2020.
             Succumbed to a worker ant's poison
             ... on level 3 of the Dungeon.
             The game lasted 00:06:13 (4876 turns).

kae the Gusty (Draconian Air Elementalist)          Turns: 4876, Time: 00:06:14

Health: 0/57       AC: 22    Str:  7 (10) XL:     5   Next: 95%
Magic:  4/9        EV:  2    Int: 13 (15) God:
Gold:   132        SH:  0    Dex: 15 (16) Spells: 4/10 levels left

rFire    . . .     SeeInvis .   q - +2 falchion (slice)
rCold    . . .     Gourm    .   (no shield)
rNeg     + + +     Faith    .   (armour unavailable)
rPois    +         Spirit   .   (helmet currently unavailable)
rElec    .         Reflect  .   (cloak currently unavailable)
rCorr    .         Harm     .   (gloves currently unavailable)
MR       .....     NoTele   +   (boots currently unavailable)
Stlth    +++.......             (no amulet)
HPRegen  0.19/turn              (no ring)
MPRegen  0.11/turn              (no ring)

@: agile, lethally poisoned (0 -> -4), tree-form, very slightly contaminated,
hasted, very quick
A: unfitting armour, dopey 1, AC +5
a: no special abilities


You were on level 3 of the Dungeon.
You were very hungry.
You were a tree.
You visited 1 branch of the dungeon, and saw 4 of its levels.

You collected 132 gold pieces.

Inventory:

Hand Weapons
 h - a +0 whip
 i - a +1 short sword of venom
 q - a +2 falchion of slicing (weapon)
Scrolls
 a - 2 scrolls of amnesia
 e - a scroll of enchant armour {unknown}
 f - a scroll of fog {unknown}
 g - 2 scrolls of remove curse {unknown}
 j - a scroll of teleportation {unknown}
 l - a scroll of identify {unknown}
 o - a scroll of fear {unknown}
 p - a scroll of enchant weapon {unknown}
Potions
 c - a potion of degeneration
Comestibles
 b - 8 rations


   Skills:
 - Level 1.7 Dodging
 - Level 1.7 Stealth
 + Level 3.1 Spellcasting
 * Level 3.7 Conjurations
 * Level 4.8 Air Magic


You had 4 spell levels left.
You knew the following spells:

 Your Spells              Type           Power        Failure   Level  Hunger
a - Shock                 Conj/Air       ##..         4%          1    #......
b - Static Discharge      Conj/Air       ##......     12%         3    ###....
c - Swiftness             Chrm/Air       #.......     13%         2    ##.....

Your spell library contained the following spells:

 Spells                   Type           Power        Failure   Level  Hunger
 Airstrike                Air            ##........   30%         4    #####..
 Lightning Bolt           Conj/Air       ##........   73%         5    ######.


Dungeon Overview and Level Annotations

Branches:
Dungeon (4/15)
 Temple: D:4-7

Altars:
Makhleb
Xom
The Shining One

Annotations:
D:3 1 runed translucent door, Crazy Yiuf


Innate Abilities, Weirdness & Mutations

((Your plain brown scales are hard. (AC +5)))
You cannot fit into any form of body armour.
((You are cold-blooded and may be slowed by cold attacks.))
((Your tail ends in a poisonous barb.))
You are dopey. (Int -2)
((Your flesh is heat resistant. (rF+)))


Message History

It was a potion of haste.
You feel yourself speed up.
* * * LOW HITPOINT WARNING * * *
You feel sick.
It was a potion of agility.
You feel agile all of a sudden.
There is a lethal amount of poison in your body!
There is a lethal amount of poison in your body!
There is a lethal amount of poison in your body!
Unknown command.
There are no objects that can be picked up here. a worker ant corpse
Okay, then.
Why would you want to do that?
There is a lethal amount of poison in your body!
Why would you want to do that? Why would you want to do that?
Quiver which item? (- for none, * to show all) (? for menu, Esc to quit)
Okay, then.
There is a lethal amount of poison in your body!
You die...

#
#............♣..♣#g..#
# ##......#.P.♣.♣♣♣
### #......##♣♣♣♣♣
#......# ######## ###
#.# ##
###############.# #. #
#...##>.......#.# #. #
###...##♣######.#.# #.
## #........####
#.#.######. .#
#...........#
#.#........ .#
#........##.#
#.#.######. .#
###...##.##.###....##
#. .###
#...##.#.......#..# ##
...#
##.###........[..##
<#.#
#[..##...######.##
.#.# #.#.......# #.#


There were no monsters in sight!

Vanquished Creatures
  An iguana (D:3)
  A worker ant (D:3)
  4 gnolls (D:2)
  8 adders
  2 worms
  3 dart slugs
  5 leopard geckos
  An orc (D:3)
  4 bats
  4 giant cockroaches
  11 goblins
  10 hobgoblins
  8 jackals
  6 kobolds
  A quokka (D:3)
  4 frilled lizards
  9 rats
82 creatures vanquished.

Notes
Turn   | Place    | Note
-------+----------+-------------------------------------------
     0 | D:1      | kae the Draconian Air Elementalist began the quest for the
                  | Orb.
     0 | D:1      | Reached XP level 1. HP: 14/14 MP: 3/3
   111 | D:1      | Reached XP level 2. HP: 6/20 MP: 0/5
  1121 | D:1      | Reached XP level 3. HP: 26/26 MP: 3/6
  1327 | D:1      | Learned a level 3 spell: Static Discharge
  1330 | D:1      | Learned a level 2 spell: Swiftness
  2290 | D:2      | Reached XP level 4. HP: 31/33 MP: 0/7
  2646 | D:2      | Reached skill level 4 in Air Magic
  3304 | D:2      | Found a shimmering altar of Xom.
  3305 | D:2      | Found a burning altar of Makhleb.
  3361 | D:2      | Reached XP level 5. HP: 27/38 MP: 3/9
  3779 | D:3      | Found a runed translucent door.
  3780 | D:3      | Noticed Crazy Yiuf
  3922 | D:3      | Found a glowing golden altar of the Shining One.
  4605 | D:4      | Noticed a phantom
  4873 | D:3      | Gained mutation: You are dopey. (Int -2) [potion of
                  | mutation]
  4873 | D:3      | Gained mutation: Your tail ends in a poisonous barb.
                  | [potion of mutation]
  4873 | D:3      | Gained mutation: Your flesh is heat resistant. (rF+)
                  | [potion of mutation]
  4873 | D:3      | HP: 2/57 [poisoned by a worker ant]
  4876 | D:3      | Succumbed to a worker ant's poison

Levels and vault maps discovered:
D:1:      roderic_crossed_star, layout_basic
D:2:      minmay_skewed_foursquare, layout_rooms,
          gammafunk_temple_overflow_statue, first_ration,
          kennysheep_generic_room_7
D:3:      layout_loops_corners, tso_metal_star, uniq_crazy_yiuf_cottage
D:4:      cheibrodos_old_hovel, layout_basic, good_gods_temple_1,
          minmay_misc_feat_ornament, uniq_ijyb

Skill      XL: |  1  2  3  4  5 |
---------------+----------------+-----
Conjurations   | 2 3 |  3.7
Air Magic      | 4 |  4.8
Spellcasting   | 3 |  3.1
Dodging        | |  1.7
Stealth        | |  1.7

Action                   |  1- 3 |  4- 6 || total
-------------------------+-------+-------++-------
Melee: Unarmed           |    84 |     9 ||    93
       Tailslap          |     7 |    15 ||    22
       Whip              |       |    36 ||    36
       Short sword       |       |    47 ||    47
       Falchion          |       |     6 ||     6
 Cast: Shock             |    90 |    77 ||   167
       Static Discharge  |     3 |       ||     3
  Use: Scroll            |     1 |       ||     1
       Potion            |       |     5 ||     5
 Stab: Sleeping          |       |     2 ||     2
  Eat: Chunk             |     5 |     5 ||    10
       Ration            |       |     1 ||     1
Armor: Skin              |    34 |    31 ||    65
Dodge: Dodged            |    75 |    74 ||   149
       Rpst.: Falchion   |       |     2 ||     2

Table legend:
 A = Non-vault XP
 B = Vault XP
 C = Vault XP percentage of total XP
 D = Non-vault monster count
 E = Vault monster count
 F = Vault count percentage of total count
                 A         B        C        D         E       F
            +---------+---------+-------+---------+---------+-------
      Total |     337 |      34 |   9.2 |      77 |       5 |   6.1
            +---------+---------+-------+---------+---------+-------
        D:1 |      61 |       0 |   0.0 |      27 |       0 |   0.0
        D:2 |     111 |      34 |  23.4 |      26 |       5 |  16.1
        D:3 |     151 |       0 |   0.0 |      23 |       0 |   0.0
        D:4 |      14 |       0 |   0.0 |       1 |       0 |   0.0
            +---------+---------+-------+---------+---------+-------
